 Dungeon Crawl Stone Soup version 0.18.0-1-g0107ab7 (webtiles) character file.

102 Chiseanne the Magician (level 4, -6/30 HPs)
             Began as a Demonspawn Wizard on May 5, 2016.
             Killed from afar by Natasha (8 damage)
             ... with a magic dart
             ... on level 2 of the Dungeon.
             The game lasted 00:04:37 (2298 turns).

Chiseanne the Magician (Demonspawn Wizard)          Turns: 2298, Time: 00:04:38

Health: -6/30      AC:  3    Str:  7    XL:     4   Next: 50%
Magic:  3/10       EV: 12    Int: 20    God:
Gold:   75         SH:  0    Dex: 12    Spells: 5 memorised, 1 level left

rFire  . . .     SeeInvis .     a - +5 short sword
rCold  + . .     Gourm    .     l - +0 robe
rNeg   . . .     Faith    .     (no shield)
rPois  .         Spirit   .     b - +1 hat
rElec  .         Dismiss  .     (no cloak)
rCorr  .         Reflect  .     (no gloves)
SustAt .         Harm     .     (no boots)
MR     .....                    (no amulet)
Stlth  ++........               (no ring)
                                (no ring)

@: very slightly contaminated, not resistant to hostile enchantments, unstealthy
A: cold resistance 1
a: no special abilities


You were on level 2 of the Dungeon.
You were not hungry.

You visited 1 branch of the dungeon, and saw 2 of its levels.

You collected 75 gold pieces.

Inventory:

Hand Weapons
 a - a +5 short sword (weapon)
 i - a +0 hunting sling
Missiles
 e - 33 stones (quivered)
 n - 13 sling bullets
 r - 17 bolts
Armour
 b - a +1 hat (worn)
 l - a +0 robe (worn)
Jewellery
 g - an uncursed ring of flight
Scrolls
 m - a scroll of magic mapping
 p - 3 scrolls of remove curse
 q - a scroll of random uselessness {unknown}
 s - a scroll of amnesia {unknown}
Potions
 f - a potion of might
 h - a potion of curing {unknown}
 j - a potion of cure mutation {unknown}
Books
 c - a book of Minor Magic

   Spells                             Type                      Level
   a - Magic Dart                     Conjuration                  1
   b - Blink                          Translocation                2
   c - Call Imp                       Summoning                    2
   d - Repel Missiles                 Charms/Air                   2
   e - Slow                           Hexes                        2
   f - Conjure Flame                  Conjuration/Fire             3
   g - Mephitic Cloud                 Conjuration/Poison/Air       3
Comestibles
 d - 2 bread rations
 k - 10 chunks of flesh
 o - a fruit


   Skills:
 - Level 1.7 Dodging
 - Level 1.7 Stealth
 * Level 4.1 Spellcasting
 * Level 3.1 Conjurations
 - Level 1.0 Summonings
 - Level 0.8 Translocations


You had one spell level left.
You knew the following spells:

 Your Spells              Type           Power        Failure   Level  Hunger
a - Magic Dart            Conj           ###.         3%          1    None
b - Blink                 Tloc           N/A          17%         2    #......
c - Repel Missiles        Chrm/Air       #.....       21%         2    #......
d - Mephitic Cloud        Conj/Pois/Air  #.......     24%         3    ###....
e - Call Imp              Summ           #.......     14%         2    #......


Dungeon Overview and Level Annotations

Branches:
Dungeon (2/15)

Altars:

Annotations:
D:2 Natasha


Innate Abilities, Weirdness & Mutations

Your flesh is cold resistant.


Message History

The white imp gestures at you. The puff of frost misses you.
A worm comes into view.
The white imp gestures at you. The puff of frost misses you.
The worm misses you. The white imp gestures at you. The puff of frost hits you!
You resist.
* * * LOW HITPOINT WARNING * * *
The white imp gestures at you. The puff of frost hits you! You resist.
* * * LOW HITPOINT WARNING * * *
The white imp gestures at you. The puff of frost misses you.
Natasha casts a spell at you. The magic dart hits you!
* * * LOW HITPOINT WARNING * * *
Natasha casts a spell at you. The magic dart hits you!
You die...

#.####.#...#.#.#
#....#...#.#.# #....#...#.#.#
####.#.#.#.#.#
####+######.#.#...#.#
#...........#.#..<#.#
#.......# ###.....#.#
#.......#######.#.#<#
#...@........##.#.#.#
#............##.#)... #.
#####........##.#.รท## #.#
#........##....## #.# ###
#####.w.....#####..# #.# #..
................#..# #.#
#.#####...........#.#... #.#
#.....#.#...5#h.........
#.#####.....#.#####..#....#...


You could see a worm, Natasha and a white imp.

Vanquished Creatures
  Ijyb (D:2)
  A worker ant (D:1)
  An ooze (D:1)
  3 dart slugs (D:1)
  A giant gecko (D:1)
  3 giant cockroaches (D:1)
  7 goblins
  8 hobgoblins
  4 bats
  3 giant newts (D:1)
  A kobold (D:1)
  8 rats
41 creatures vanquished.

Notes
Turn   | Place    | Note
--------------------------------------------------------------
     0 | D:1      | Chiseanne the Demonspawn Wizard began the quest for the Orb.
     0 | D:1      | Reached XP level 1. HP: 13/13 MP: 4/4
   394 | D:1      | Gained mutation: Your flesh is cold resistant. [demonic ancestry]
   394 | D:1      | Reached XP level 2. HP: 19/19 MP: 4/6
   580 | D:1      | Learned a level 2 spell: Blink
   583 | D:1      | Learned a level 2 spell: Repel Missiles
  1143 | D:1      | Reached XP level 3. HP: 24/24 MP: 4/8
  1882 | D:2      | Found a faded altar to an unknown god.
  1902 | D:2      | Learned a level 2 spell: Call Imp
  1904 | D:2      | Reached XP level 4. HP: 30/30 MP: 6/9
  1912 | D:2      | Learned a level 3 spell: Mephitic Cloud
  1925 | D:2      | Reached skill level 4 in Spellcasting
  2174 | D:2      | Noticed Ijyb
  2187 | D:2      | Killed Ijyb
  2273 | D:2      | Noticed Natasha
  2298 | D:2      | Killed from afar by Natasha

Skill      XL: |  1  2  3  4 |
---------------+-------------+-----
Conjurations   | 2 3 |  3.1
Spellcasting   | 4 |  4.1
Dodging        | |  1.7
Stealth        | |  1.7
Summonings     | |  1.0
Translocations | |  0.8

Action                   |  1- 3 |  4- 6 || total
-------------------------+-------+-------++-------
Melee: Unarmed           |    24 |       ||    24
       Short sword       |    10 |    24 ||    34
       Dagger            |     1 |       ||     1
 Cast: Magic Dart        |    81 |    14 ||    95
       Repel Missiles    |     1 |       ||     1
       Mephitic Cloud    |       |     3 ||     3
       Blink             |       |     1 ||     1
  Use: Scroll            |     7 |     1 ||     8
 Stab: Confused          |       |     1 ||     1
  Eat: Chunk             |     3 |     1 ||     4
Armor: Robe              |    13 |     3 ||    16
Dodge: Dodged            |    36 |    12 ||    48
       Deflected         |     4 |       ||     4
